AoeStats
← qetuadgjzcbm123

Golden Pit

509526445Analyzed
1v1 RM · 4d ago on Sep 27, 2026· 35m 32s· 2 players
Game mode
Random Map
Map size
Tiny (2 player)
Population
200
Speed
Normal
Resources
Standard
Victory
Conquest
Starting age
Dark Age
Ending age
Imperial Age
RankedLock teamsTeams togetherTeam positionsShared explorationLock speedFull tech treeHidden civsTurbo modeCheats
Victory
Defeat
🇨🇴 Huns · Colombia
1029
+17
🇹🇼 Georgians · Taiwan
1043
-17
KANE04642
5:45 Loom
9:19 Feudal Age
10:32 Double-Bit Axe
18:01 Castle Age
16:53 Fletching
19:08 Bow Saw
19:58 Bodkin Arrow
28:09 Town Watch
28:48 Ballistics
32:03 Wheelbarrow
34:59 Imperial Age
qetuadgjzcbm123
7:13 Loom
11:26 Feudal Age
11:46 Horse Collar
11:58 Double-Bit Axe
20:47 Castle Age
19:22 Bloodlines
19:48 Scale Barding Armor
20:15 Forging
21:40 Forging
22:04 Bow Saw
21:54 Fletching
22:08 Husbandry
22:31 Heavy Plow
23:37 Scale Mail Armor
24:54 Elite Skirmisher
26:38 Padded Archer Armor
29:58 Guard Tower
31:52 Chain Barding Armor
Connection lost

Rejoining the realm…

Still unreachable

The connection could not be restored.

Session expired

The server has moved on; the page needs a fresh start.